Map: Dusk Towers

Players

Barbaris

  • Race: Terran Terran
  • League: Gold

lesha - Winner!

  • Race: Terran Terran
  • League: Silver

VOD

Have the link to the VOD?

Description

Time

  • Played on: Jan. 3, 2016, 7:26 a.m.
  • Length: 9:49
Show
View Real Time Build Order
Export as new Build Order

Barbaris Terran 

Build Orders: Liberator Opening 

Get SALT Encoding   

  12  0:00  SCV  
  13  0:13  SCV  
  14  0:19  Supply Depot  
  14  0:25  SCV  
  15  0:29  Refinery  
  15  0:42  Barracks  
  15  0:44  SCV  
  16  0:56  SCV  
  17  1:01  Supply Depot  
  17  1:08  SCV  
  18  1:17  Refinery  
  18  1:20  SCV  
  19  1:30  Marine  
  20  1:37  SCV  
  20  1:38  Factory  
  21  1:47  Marine  
  21  1:49  SCV  
  24  2:01  SCV  
  24  2:12  Barracks Reactor  
  23  2:19  SCV  
  24  2:24  Hellion  
  26  2:30  Supply Depot  
  26  2:33  SCV  
  27  2:40  Starport  
  27  2:59  Liberator  
  27  3:08  SCV, Barracks Tech Lab  
  27  3:09  Engineering Bay  
  27  3:11  Hellion x2  
  35  3:26  Barracks  
  35  3:32  Hellion x2  
  39  3:39  Supply Depot  
  39  3:42  Combat Shields  
  39  3:49  Missile Turret  
  39  4:00  Marine  
  40  4:03  Supply Depot  
  40  4:12  Hellion  
  40  4:14  Hellion  
  44  4:38  Hellion x2  
  42  4:59  Hellion  
  38  5:00  Hellion  
  37  5:21  Hellion  
  34  5:30  Hellion  
  36  5:37  Liberator  
  36  5:42  Hellion  
  34  5:51  Hellion  
  37  6:04  Hellion  
  37  6:12  Hellion  
  37  6:16  Barracks Reactor, Marauder  
  41  6:20  Supply Depot  
  41  6:23  Supply Depot  
  41  6:25  Hellion  
  43  6:26  Orbital Command  
  43  6:34  Hellion  
  43  6:39  Armory  
  45  6:46  Hellion  
  45  6:55  Hellion  
  45  7:00  Medivac  
  49  7:12  Marine x3  
  52  7:30  Medivac, Marine  
  52  7:34  Marauder, Marine  
  52  7:36  Hellion  
  60  7:48  Marine  
  61  7:52  Marine  
  61  7:55  Marine  
  63  8:05  Marine  
  60  8:13  Medivac  
  41  8:35  Marine x2  
  41  8:43  Hellion x2  
  45  8:55  Supply Depot, Marine x2  
  42  9:04  Hellion x2  
  25  9:25  Hellion  
  25  9:26  Hellion  
Show
View Real Time Build Order
Export as new Build Order

lesha Terran - Winner!

Build Orders: Reaper Expand 

Get SALT Encoding   

  12  0:01  SCV  
  13  0:13  SCV  
  14  0:19  Supply Depot  
  14  0:25  SCV  
  15  0:40  SCV  
  15  0:41  Barracks  
  16  0:48  Refinery  
  16  0:52  SCV  
  17  1:04  SCV  
  18  1:16  SCV  
  19  1:29  Orbital Command  
  19  1:31  Reaper  
  20  1:43  Command Center  
  20  1:56  SCV  
  20  2:00  Supply Depot  
  21  2:11  Barracks Reactor  
  21  2:19  Refinery  
  21  2:21  Barracks  
  21  2:34  SCV  
  22  2:46  SCV  
  22  2:47  Factory  
  22  2:59  SCV  
  22  3:02  Orbital Command  
  23  3:07  Marine x2  
  23  3:09  Barracks Reactor  
  25  3:16  Barracks  
  25  3:18  Barracks  
  25  3:27  Marine  
  25  3:28  Marine  
  25  3:30  SCV x2  
  29  3:38  Factory Tech Lab  
  29  3:45  SCV x2  
  29  3:46  Engineering Bay  
  31  3:48  Marine  
  31  3:49  Marine  
  31  3:52  Marine  
  34  4:01  Marine  
  35  4:03  Siege Tank  
  35  4:05  Barracks Tech Lab  
  35  4:06  Barracks Reactor  
  38  4:15  SCV x2  
  38  4:16  Starport  
  39  4:30  Marine x2  
  40  4:31  Marine x2  
  34  4:56  Marine x2  
  34  4:57  Marine x4  
  36  5:04  Marine  
  35  5:14  Marine x3  
  31  5:33  Marine x6  
  31  5:34  Marine  
  31  5:35  Starport Reactor  
  31  5:42  SCV x2  
  28  5:53  Supply Depot  
  28  5:54  SCV x2  
  30  5:59  Marine x3  
  30  6:00  Marine x3  
  36  6:06  SCV x2  
  38  6:14  Marine  
  38  6:17  Marine  
  40  6:18  SCV  
  40  6:19  Terran Infantry Weapons Level 1  
  41  6:26  Stimpack  
  41  6:30  Marine x4  
  41  6:31  Marine  
  46  6:40  SCV x2  
  46  6:43  Supply Depot  
  46  6:48  Supply Depot  
  46  7:05  Medivac, Marine x6  
  54  7:09  Medivac, Marine  
  57  7:17  Supply Depot  
  57  7:19  Supply Depot  
  57  7:22  SCV x2, Marine x2  
  59  7:26  Marine x3  
  59  7:27  Marine  
  65  7:32  Marine  
  65  7:34  SCV x2  
  65  7:40  Marine x2  
  66  7:49  Missile Turret, Marine x4  
  66  7:50  Marine  
  53  8:36  Marine x4  
  53  8:37  Marine x3  
  53  8:38  Medivac  
  53  8:39  Medivac  
  53  8:40  SCV x2  
  66  8:52  SCV x2  
  68  8:59  Marine x2  
  70  9:02  Marine x3  
  70  9:07  Marine x2  
Tags
 
Add a new tag
Caveats
  • Supply blocks, unpowered buildings, or Contaminate may cause inaccurate times.
  • Supply counts are checked every 10 seconds.